 Dungeon Crawl Stone Soup version 0.28-a0-1638-g9123634e07 (webtiles) character file.

Game seed: 4345780368233416753

86 murtidash the Magician (level 4, 0/35 HPs)
             Began as a Djinni Cinder Acolyte on Jan 25, 2022.
             Was a High Priest of Ignis.
             Slain by a quokka (2 damage)
             ... on level 2 of the Dungeon.
             The game lasted 00:01:55 (2218 turns).

murtidash the Magician (Djinni Cinder Acolyte)      Turns: 2218, Time: 00:01:55

Health: 0/35       AC:  2    Str: 13    XL:     4   Next: 77%
Gold:   33         EV: 11    Int: 18    God:    Ignis [*****.] SH:  0 Dex:  8

rFire   + + +      SeeInvis .   a - -1 falchion (flame)
rCold   x . .      Faith    .   (no shield)
rNeg    . . .      Spirit   .   b - +0 robe
rPois   ∞          Reflect  .   (no helmet)
rElec   .          Harm     .   (no cloak)
rCorr   .          Rampage  .   (no gloves)
Will    .....                   (boots unavailable)
Stlth   +.........              (no amulet)
HPRegen 0.11/turn               (no ring)
MPRegen 0.00/turn               (no ring)

@: flying
A: sickness immunity, fire resistance 2, cold vulnerability 1, float, innate
caster, hp casting, extra vitality 1
a: Renounce Religion, Fiery Armour, Foxfire Swarm, Rising Flame


You were on level 2 of the Dungeon.
You worshipped Ignis.
Ignis was extremely pleased with you.
You visited 1 branch of the dungeon, and saw 2 of its levels.

You collected 33 gold pieces.

Inventory:

Hand Weapons
 a - a -1 falchion of flaming (weapon)
Armour
 b - a +0 robe (worn)
Scrolls
 e - a scroll of teleportation {unknown}
 f - 2 scrolls of fog {unknown}
 j - a scroll of fear {unknown}
Potions
 c - a potion of lignification {unknown}
 d - a potion of haste {unknown}
 g - a potion of berserk rage {unknown}
 h - a potion of flight {unknown}
 i - a potion of brilliance {unknown}


   Skills:
 - Level 3.0 Fighting
 - Level 2.6 Long Blades
 + Level 4.0 Spellcasting


You had 8 spell levels left.
You knew the following spells:

 Your Spells              Type           Power      Damage    Failure   Level
a - Scorch                Fire           36%        2d6       4%          2
s - Slow                  Hex            72%        N/A       2%          1
Your spell library was empty.

Dungeon Overview and Level Annotations

Branches:
Dungeon (2/15)

Altars:


Innate Abilities, Weirdness & Mutations

You are immune to sickness and miasma.
You are immune to poison.
Your flesh is very heat resistant. (rF++)
You are vulnerable to cold. (rC-)
You float through the air rather than walking.
You learn spells naturally, not from books.
Your magical power is your life essence.
You have superior vitality. (+4 MHP)


Message History

A quokka is nearby!
Flames lash the quokka.
You kill the quokka!
You take 2 damage, and have 33/35 hp.
You can't see any susceptible monsters within range! (Use Z to cast anyway.)
You can't see any susceptible monsters within range! (Use Z to cast anyway.)
You see here a quokka corpse.
An endoplasm comes into view.
Found a stone staircase leading down.
Health restored: 35 You can't see any susceptible monsters within range! (Use Z to cast anyway.)
You can't see any susceptible monsters within range! (Use Z to cast anyway.)
You can't see any susceptible monsters within range! (Use Z to cast anyway.)
You can't see any susceptible monsters within range! (Use Z to cast anyway.)
You can't see any susceptible monsters within range! (Use Z to cast anyway.) Flames lash the endoplasm.
You kill the endoplasm!
A rat comes into view.
You take 2 damage, and have 33/35 hp.
Flames lash the rat.
You kill the rat!
A rat comes into view.
You take 2 damage, and have 31/35 hp.
Flames lash the rat.
You kill the rat!
A rat comes into view.
You take 2 damage, and have 29/35 hp.
Flames lash the rat.
You kill the rat!
A rat comes into view.
You take 2 damage, and have 27/35 hp.
Flames lash the rat.
You kill the rat!
A rat comes into view.
You take 2 damage, and have 25/35 hp.
Flames lash the rat.
You kill the rat!
A rat comes into view.
Your Spellcasting skill increases to level 4!
You take 1 damage, and have 24/35 hp.
Flames lash the rat.
You kill the rat!
A rat comes into view.
You take 2 damage, and have 22/35 hp.
Flames lash the rat.
You kill the rat!
A rat comes into view.
You take 2 damage, and have 20/35 hp.
Flames lash the rat.
You kill the rat!
A rat comes into view.
You take 2 damage, and have 18/35 hp.
Flames lash the rat.
You kill the rat!
You take 2 damage, and have 16/35 hp.
You can't see any susceptible monsters within range! (Use Z to cast anyway.)
You can't see any susceptible monsters within range! (Use Z to cast anyway.)
A rat comes into view.
You are too injured to fight recklessly!
You are too injured to fight recklessly!
You are too injured to fight recklessly!
You are too injured to fight recklessly!
You are too injured to fight recklessly!
You are too injured to fight recklessly!
You are too injured to fight recklessly!
You are too injured to fight recklessly!
Flames lash the rat.
You kill the rat!
A rat comes into view.
You take 2 damage, and have 14/35 hp.
Flames lash the rat.
You kill the rat!
A quokka comes into view.
You take 2 damage, and have 12/35 hp.
A rat comes into view.
The quokka closely misses you.
Flames lash the rat.
You kill the rat!
* * * LOW HITPOINT WARNING * * *
A rat comes into view.
The quokka bites you.
* * * LOW HITPOINT WARNING * * *
You take 6 damage, and have 6/35 hp.
Flames lash the rat.
You kill the rat!
* * * LOW HITPOINT WARNING * * *
A rat comes into view.
The quokka misses you.
You take 2 damage, and have 4/35 hp.
A rat comes into view.
A rat comes into view.
The quokka bites you.
* * * LOW HITPOINT WARNING * * *
You take 1 damage, and have 3/35 hp.
The quokka bites you.
* * * LOW HITPOINT WARNING * * *
You take 2 damage, and have 1/35 hp.
The quokka barely misses you. The quokka bites you.
You die...

#.#..# #.# ##
.
#.#..#####.##
. #.#....#....
#.##.#.#.#.#
#.##.#.#.#.#
#.##.#..#..#
#.##...###.##
#.#...## ##.##
#....## ##@#
###...## ##r##
##...###.#####
#.....#....r.#
#.#..#.#####r#
#....### #.#
##.#.# #r#
#.#.# #.#
#.#.# #.#


You could see a quokka.

Vanquished Creatures
  3 adders (D:2)
  2 dart slugs (D:2)
  5 bats
  3 endoplasms (D:2)
  2 giant cockroaches (D:1)
  7 goblins
  2 hobgoblins
  5 kobolds
  3 quokkas
  A ball python (D:2)
  5 frilled lizards
  17 rats
55 creatures vanquished.

Notes
Turn   | Place    | Note
-------+----------+-------------------------------------------
     0 | D:1      | murtidash the Djinni Cinder Acolyte began the quest for the
                  | Orb.
     0 | D:1      | Reached XP level 1. HP: 20/20 MP: 0/0
   320 | D:1      | Reached XP level 2. HP: 25/25 MP: 0/0
   492 | D:1      | Reached skill level 3 in Spellcasting
   799 | D:1      | Reached XP level 3. HP: 27/30 MP: 0/0
   799 | D:1      | Learned a level 1 spell: Slow
  1472 | D:2      | Reached XP level 4. HP: 28/35 MP: 0/0
  1475 | D:2      | HP: 7/35 [goblin (4)]
  2191 | D:2      | Reached skill level 4 in Spellcasting
  2199 | D:2      | HP: 6/35 [quokka (5)]
  2208 | D:2      | HP: 1/35 [quokka (3)]
  2218 | D:2      | Slain by a quokka

Illustrated notes

Levels and vault maps discovered:
D:1:      dpeg_arrival_boxorama, layout_loops_ring
D:2:      minmay_diamond_boxcup, layout_loops_ring, minivault_4, nrook_campfire,
          minmay_rat_hole

Skill      XL: |  1  2  3  4 |
---------------+-------------+-----
Spellcasting   | 3 4 |  4.0
Fighting       | |  3.0
Long Blades    | |  2.6

Action                   |  1- 3 |  4- 6 || total
-------------------------+-------+-------++-------
Melee: Falchion          |    29 |       ||    29
 Cast: Scorch            |    23 |    27 ||    50
Armor: Robe              |     9 |       ||     9
Dodge: Dodged            |    20 |     6 ||    26

Table legend: (Time is in decaauts)
 A = Elapsed time spent in this place.
 B = Non-inter-level travel time spent in this place.
 C = Inter-level travel time spent in this place.
 D = Time resting spent in this place.
 E = Time spent auto-exploring this place.
 F = Levels seen in this place.
 G = Mean time per level.
                   A        B        C        D        E       F      G
               +--------+--------+--------+--------+--------+-----+--------+
         Total |   2222 |   2208 |     14 |     11 |   1967 |   2 | 1111.0 |
       Dungeon |   2222 |   2208 |     14 |     11 |   1967 |   2 | 1111.0 |
               +--------+--------+--------+--------+--------+-----+--------+

Top non-repeatable levels by time:
     D:2: 1155 daAuts
     D:1: 1066 daAuts

Table legend:
 A = Kills in this place as a percentage of kills in entire the game.
 B = Kills by you in this place as a percentage of kills by you in the entire game.
 C = Kills by friends in this place as a percentage of kills by friends in the entire game.
 D = Other kills in this place as a percentage of other kills in the entire game.
 E = Experience gained in this place as a percentage of experience gained in the entire game.
 F = Experience gained in this place divided by the number of levels of this place that you have seen.
                   A       B       C       D       E      F
               +-------+-------+-------+-------+-------+----------------------
         Total | 100.0 | 100.0 |   N/A |   N/A | 100.0 |  61.5
       Dungeon | 100.0 | 100.0 |   N/A |   N/A | 100.0 |  61.5
               +-------+-------+-------+-------+-------+----------------------
